 Dungeon Crawl Stone Soup version 0.28-a0-1555-g9ae15a6949 (webtiles) character file.

Game seed: 3202994870784674967

77 psuckher the Vexing (level 4, -1/23 HPs)
             Began as a Vine Stalker Arcane Marksman on Jan 18, 2022.
             Was an Initiate of Gozag.
             Slain by an iguana (8 damage)
             ... on level 3 of the Dungeon.
             The game lasted 00:18:51 (2684 turns).

psuckher the Vexing (Vine Stalker Arcane Marksman)  Turns: 2684, Time: 00:18:52

Health: -1/23      AC:  6    Str: 12    XL:     4   Next: 34%
Magic:  0/6        EV: 12    Int: 13    God:    Gozag
Gold:   68         SH:  0    Dex: 17    Spells: 3/5 levels left

rFire   . . .      SeeInvis .   i - +0 dagger (venom)
rCold   . . .      Faith    .   (no shield)
rNeg    . . .      Spirit   +   d - +0 robe
rPois   .          Reflect  .   (no helmet)
rElec   .          Harm     .   (no cloak)
rCorr   .          Rampage  .   (no gloves)
Will    .....                   (no boots)
Stlth   ++........              (no amulet)
HPRegen 0.87/turn               g - +4 ring of protection
MPRegen 0.10/turn               k - ring of wizardry

@: very slow
A: fangs 2, regeneration 1, magic shield, antimagic bite, no potion heal 2
a: Renounce Religion, Potion Petition, Call Merchant, Bribe Branch


You were on level 3 of the Dungeon.
You worshipped Gozag.
Gozag was noncommittal.
You visited 1 branch of the dungeon, and saw 3 of its levels.

You collected 118 gold pieces.
You paid 50 gold pieces to Gozag.

Inventory:

Hand Weapons
 a - a +0 hunting sling
 i - a +0 dagger of venom (weapon)
Missiles
 c - 48 sling bullets
 e - 34 stones (quivered)
Armour
 d - a +0 robe (worn)
 f - a +1 leather armour of cold resistance
Jewellery
 g - a +4 ring of protection (left hand)
 k - a ring of wizardry (right hand)
 m - a ring of protection from cold
Scrolls
 b - 2 scrolls of blinking
 h - 3 scrolls of teleportation {unknown}
 j - a scroll of brand weapon {unknown}
Potions
 l - a potion of heal wounds {unknown}


   Skills:
 + Level 1.7 Fighting
 + Level 0.4 Short Blades
 + Level 3.0 Slings
 + Level 0.1(1.7) Throwing
 + Level 2.0 Dodging
 + Level 0.3 Stealth
 + Level 1.1 Spellcasting
 + Level 3.2 Hexes


You had 3 spell levels left.
You knew the following spells:

 Your Spells              Type           Power      Damage    Failure   Level
a - Slow                  Hex            36%        N/A       3%          1
b - Summon Small Mammal   Summ           0%         N/A       12%         1

Your spell library contained the following spells:

 Spells                   Type           Power      Damage    Failure   Level
 Inner Flame              Hex/Fire       4%         N/A       17%         3
 Portal Projectile        Hex/Tloc       8%         N/A       17%         3
 Summon Guardian Golem    Hex/Summ       4%         N/A       17%         3
 Call Canine Familiar     Summ           0%         N/A       32%         3
 Cause Fear               Hex            4%         N/A       28%         4
 Airstrike                Air            0%         N/A       69%         4
 Summon Lightning Spire   Summ/Air       0%         N/A       69%         4
 Lightning Bolt           Conj/Air       0%         1d11      95%         5


Dungeon Overview and Level Annotations

Branches:
Dungeon (3/15)

Altars:
Cheibriados
Gozag


Innate Abilities, Weirdness & Mutations

You have extremely sharp teeth.
Your natural rate of healing is unusually fast.
When hurt, damage is shared between your health and your magic reserves.
Your bite disrupts and absorbs the magic of your enemies.
Potions cannot restore your health.


Message History

You shoot a sling bullet.
The sling bullet closely misses the iguana.
Unknown command.
Fire: 50 sling bullets
Press: ? - help, Q - select action, (/) - cycle Shift-Dir - straight line, f/p - iguana
Aim: an iguana (64% to hit)
You shoot a sling bullet. The sling bullet hits the iguana.
The iguana is moderately wounded.
Fire: 49 sling bullets
Press: ? - help, Q - select action, (/) - cycle Shift-Dir - straight line, f/p - iguana
Aim: an iguana (moderately wounded, 64% to hit)
You shoot a sling bullet. The sling bullet hits the iguana.
The iguana is heavily wounded.
Your +0 dagger of venom begins to drip with poison!
i - a +0 dagger of venom (weapon)
You completely miss the iguana. You bite the iguana. You drain its power.
The iguana is heavily wounded.
The iguana misses you.
You closely miss the iguana.
The iguana is heavily wounded.
The iguana barely misses you.
You hit the iguana.
The iguana is poisoned.
The iguana is heavily wounded.
The iguana bites you!
You barely miss the iguana.
The iguana is severely wounded.
The iguana bites you!
You hit the iguana but do no damage.
The iguana looks as sick as possible!
The iguana is severely wounded.
The iguana hisses menacingly.
The iguana bites you.
* * * LOW HITPOINT WARNING * * *
You completely miss the iguana. You bite the iguana, but do no damage.
The iguana is severely wounded.
The iguana barely misses you.
You barely miss the iguana. You bite the iguana, but do no damage.
The iguana is severely wounded.
The iguana bites you!
You die...
Your body crumbles into a pile of gold.

#.#.#.#.#.#.##
##.#.#.#.#.#.#
#.#.#.#.#.#.##
##.#.#.#.#.#.# ##
..#.#.#.#.#.## #.##
##.#.#.#.#.#.###...#
#.#.#.#.#.#.#...######
.#.#.#.#.#.#.##.#....###
#..##......#.##.@l(....#
.# #.....##.####...(...
....... #.# ###....
....#.# #<# #.( ##....
..# . ####' ### $ $ $ $


You could see an iguana (extremely poisoned).

Vanquished Creatures
  2 adders
  2 worms
  2 dart slugs
  An orc (D:3)
  2 ball pythons
  3 endoplasms (D:1)
  2 giant cockroaches (D:1)
  4 hobgoblins (D:1)
  4 jackals (D:2)
  3 kobolds (D:1)
  4 quokkas
  4 bats
  3 frilled lizards
  2 goblins (D:1)
  3 rats
41 creatures vanquished.

Vanquished Creatures (collateral kills)
  A ball python (D:1)
  A giant cockroach (D:1)
  A hobgoblin (D:1)
3 creatures vanquished.

Grand Total: 44 creatures vanquished

Notes
Turn   | Place    | Note
-------+----------+-------------------------------------------
     0 | D:1      | psuckher the Vine Stalker Arcane Marksman began the quest
                  | for the Orb.
     0 | D:1      | Reached XP level 1. HP: 9/9 MP: 3/3
   231 | D:1      | Reached XP level 2. HP: 12/14 MP: 4/4
   331 | D:1      | Learned a level 1 spell: Summon Small Mammal
   429 | D:1      | Reached skill level 1 in Fighting
   725 | D:1      | Reached XP level 3. HP: 17/18 MP: 5/5
  1776 | D:2      | Found a faded altar of an unknown god.
  1797 | D:2      | Prayed at the altar of an unknown god.
  1797 | D:2      | Became a worshipper of Cheibriados the Contemplative
  1797 | D:2      | Reached * piety under Cheibriados
  2192 | D:3      | Gained mutation: Your natural rate of healing is unusually
                  | fast. [Vine Stalker growth]
  2192 | D:3      | Reached XP level 4. HP: 23/23 MP: 4/6
  2280 | D:3      | Found an opulent altar of Gozag.
  2357 | D:3      | Fell from the grace of Cheibriados
  2357 | D:3      | Became a worshipper of Gozag Ym Sagoz the Greedy
  2684 | D:3      | Slain by an iguana

Illustrated notes

Levels and vault maps discovered:
D:1:      tarquinn_simple_flora_water_d, layout_loops_corners, dk_noncrumbling_4
D:2:      layout_rooms, shapermc_ecumenical_altar_venn
D:3:      layout_loops_corners, mainiacjoe_overflow_six_doors_small,
          minmay_misc_feat_five, minivault_23, chequers_serial_rivers_large_b,
          lightli_corner_chamber

Skill      XL: |  1  2  3  4 |
---------------+-------------+-----
Slings         | 2 3 |  3.0
Fighting       | 1 |  1.7
Dodging        | 2 |  2.0
Short Blades   | |  0.4
Throwing       | |  0.1
Stealth        | |  0.3
Spellcasting   | |  1.1
Hexes          | |  3.2

Action                   |  1- 3 |  4- 6 || total
-------------------------+-------+-------++-------
Melee: Hunting sling     |     3 |       ||     3
       Dagger            |    40 |    23 ||    63
       Punch             |     2 |       ||     2
       Bite              |    11 |     3 ||    14
 Fire: Hunting sling     |    82 |    11 ||    93
Throw: Stone             |     8 |     9 ||    17
 Cast: Summon Small Mamm |     8 |     1 ||     9
Invok: Bend Time         |     1 |       ||     1
  Use: Scroll            |     2 |       ||     2
Armor: Robe              |    35 |     9 ||    44
Dodge: Dodged            |    86 |    12 ||    98

Table legend: (Time is in decaauts)
 A = Elapsed time spent in this place.
 B = Non-inter-level travel time spent in this place.
 C = Inter-level travel time spent in this place.
 D = Time resting spent in this place.
 E = Time spent auto-exploring this place.
 F = Levels seen in this place.
 G = Mean time per level.
                   A        B        C        D        E       F      G
               +--------+--------+--------+--------+--------+-----+--------+
         Total |   2979 |   2550 |    429 |      0 |      0 |   3 |  993.0 |
       Dungeon |   2979 |   2550 |    429 |      0 |      0 |   3 |  993.0 |
               +--------+--------+--------+--------+--------+-----+--------+

Top non-repeatable levels by time:
     D:1: 1637 daAuts
     D:2: 683 daAuts
     D:3: 658 daAuts
